 Dungeon Crawl Stone Soup version 0.31-a0-188-g5e087ee2ca (webtiles) character file.

Game seed: 15649556671841633512

115 qw the Skirmisher (level 4, -1/25 HPs)
             Began as a Deep Elf Hunter on June 23, 2023.
             Slain by an orc
             ... wielding a +0 hand axe
              (2 damage)
             ... on level 3 of the Dungeon.
             The game lasted 00:00:37 (1656 turns).

qw the Skirmisher (Deep Elf Hunter)                 Turns: 1656, Time: 00:00:37

Health: -1/25      AC:  7    Str: 10    XL:     4   Next: 68%
Magic:  6/6        EV: 11    Int: 14    God:
Gold:   90         SH:  0    Dex: 18    Spells: 3/3 levels left

rFire   . . .        Y - +0 shortbow (freeze)
rCold   . . .        (shield currently unavailable)
rNeg    . . .        h - +0 ring mail
rPois   .            (no helmet)
rElec   .            (no cloak)
rCorr   .            (no gloves)
SInv    .            k - +1 pair of boots
Will    .....        (no amulet) Stlth
                     (no ring)
HPRegen 0.24/turn    (no ring)
MPRegen 0.10/turn

%: no passive effects
@: confused
A: no striking features
a: no special abilities


You were on level 3 of the Dungeon.
You visited 1 branch of the dungeon, and saw 3 of its levels.

You collected 90 gold pieces.


   Skills:
 - Level 1.5 Fighting
 + Level 8.1 Ranged Weapons
 - Level 2.4 Dodging
 - Level 1.2 Stealth


You had 3 spell levels left.
You didn't know any spells.
Your spell library was empty.

Inventory:

Hand Weapons
 Y - a +0 shortbow of freezing (weapon)
Armour
 h - a +0 ring mail (worn)
 k - a +1 pair of boots (worn)
Jewellery
 j - a ring of fire
Scrolls
 b - a scroll of fog {unknown}
Potions
 a - a potion of degeneration {unknown}
 c - a potion of cancellation {unknown}
 e - a potion of curing {unknown}
 g - a potion of magic {unknown}

Dungeon Overview and Level Annotations

Branches:
Dungeon (3/15)

Altars:


Message History

The orc hits you with a +0 short sword of venom.
You are more poisoned.
You shoot an arrow. The arrow barely misses the orc.
The arrow hits the orc!
The arrow freezes the orc.
You kill the orc!
You feel very sick.
You hear a shout!
The orc barely misses you.
You shoot an arrow. The arrow hits the orc.
The arrow freezes the orc.
You kill the orc!
You feel very sick.
An orc wizard comes into view. It is wielding a +0 dagger.
You shoot an arrow.
The arrow hits the orc wizard but does no damage.
You feel sick.
You shoot an arrow. The arrow hits the orc wizard.
The arrow freezes the orc wizard.
The orc wizard is moderately wounded.
You feel sick.
An orc comes into view. It is wielding a +0 hand axe.
The orc wizard barely misses you.
You shoot an arrow.
The arrow hits the orc wizard but does no damage.
The orc wizard is moderately wounded.
You feel sick.
The orc wizard hits you but does no damage.
You shoot an arrow.
The arrow completely misses the orc wizard.
You feel sick. The orc misses you.
The orc wizard points at you and mumbles some strange words.
You are confused.
You feel sick. The orc wizard barely misses you.
The orc hits you but does no damage.
You feel sick.
The orc wizard hits you but does no damage.
The orc hits you but does no damage.
You feel sick.
You are no longer poisoned.
The orc hits you with a +0 hand axe.
You die...

.. .. ###.###
# .....#.#
#)#.#.#
#######oo.####
...>....@....#
?#####..###.#
#.....# #.#
#.##.## #.#
#.##.# #.#
#.##.# #.#
#.##.# #.#
#.##.# #.#
#.##.# ##.#


You could see an orc wizard and an orc.

Vanquished Creatures
  Natasha (twice) (D:2)
  2 adders (D:2)
  A worm (D:2)
  2 orcs (D:3)
  9 ball pythons
  A bat (D:2)
  4 endoplasms
  2 giant cockroaches
  2 goblins (D:2)
  2 hobgoblins (D:2)
  2 jackals (D:2)
  5 kobolds
  2 quokkas (D:2)
  7 rats
43 creatures vanquished.

Notes
Turn   | Place    | Note
-------+----------+-------------------------------------------
     0 | D:1      | qw the Deep Elf Hunter began the quest for the Orb.
     0 | D:1      | Reached XP level 1. HP: 12/12 MP: 3/3
     0 | D:1      | 0 ||| qw: Version: 0.3-a-9-g12657ce
     0 | D:1      | 0 ||| qw: Game counter: 4172
     0 | D:1      | 0 ||| qw: Always use a shield: true
     0 | D:1      | 0 ||| qw: God list: Okawaru
     0 | D:1      | 0 ||| qw: Allow faded altars: false
     0 | D:1      | 0 ||| qw: Do Orc after D:15 true
     0 | D:1      | 0 ||| qw: Do second Lair branch before Depths: true
     0 | D:1      | 0 ||| qw: Lair rune preference: random
     0 | D:1      | 0 ||| qw: Plans: Normal
     0 | D:1      | 0 ||| PLANNING D:1-11
   281 | D:1      | Reached XP level 2. HP: 16/16 MP: 4/4
   295 | D:1      | Reached skill level 6 in Ranged Weapons
   388 | D:1      | 388 ||| UPGRADING to +0 ring mail.
   427 | D:1      | 427 ||| UPGRADING to +0 leather armour.
   432 | D:1      | 432 ||| UPGRADING to +0 ring mail.
   442 | D:1      | 442 ||| DROPPING +0 leather armour.
   651 | D:1      | 651 ||| READING scroll labelled ZESUXI XEROC.
   652 | D:1      | 652 ||| READING scroll labelled ARELLE TAXEUMN.
   657 | D:1      | 657 ||| READING scroll labelled ACELAO FOUGG.
   658 | D:1      | 658 ||| READING scroll labelled DAOFAORHUI.
   659 | D:1      | 659 ||| DROPPING scroll of butterflies.
   681 | D:2      | 681 ||| STAIRDANCE
   768 | D:2      | Reached XP level 3. HP: 20/20 MP: 5/5
  1076 | D:2      | Noticed Natasha
  1077 | D:2      | 1077 ||| Stepping ~*~*~tactically~*~*~ (outnumbered).
  1087 | D:2      | HP: 4/20 [Natasha (2)]
  1088 | D:2      | Killed Natasha
  1089 | D:2      | Reached skill level 7 in Ranged Weapons
  1100 | D:2      | Reached XP level 4. HP: 8/25 MP: 6/6
  1260 | D:2      | Noticed Natasha
  1268 | D:2      | Killed Natasha
  1387 | D:2      | Reached skill level 8 in Ranged Weapons
  1559 | D:2      | 1559 ||| UPGRADING to +0 pair of boots.
  1564 | D:2      | 1564 ||| READING 2 scrolls labelled FUCSIKI JITEUSOU.
  1565 | D:2      | 1565 ||| READING scroll of enchant armour.
  1565 | D:2      | 1565 ||| ENCHANTING +0 pair of boots.
  1566 | D:2      | 1566 ||| READING scroll labelled WILUTHANGEGG.
  1567 | D:2      | 1567 ||| READING scroll labelled YTTEF JAMYLL.
  1568 | D:2      | 1568 ||| READING scroll labelled FEMEAN LEIXEAF.
  1650 | D:3      | HP: 6/25 [poisoned by an orc]
  1654 | D:3      | HP: 2/25 [poisoned by an orc]
  1656 | D:3      | Slain by an orc

Levels and vault maps discovered:
D:1:      denvon_arrival_waterhouse, layout_loops_ring, minmay_surrounded
D:2:      minmay_evil_eye, layout_loops_ring, uniq_natasha
D:3:      layout_loops_ring, minmay_misc_feat_ornament, minmay_cupped,
          uniq_sigmund

Skill      XL: |  1  2  3  4 |
---------------+-------------+-----
Ranged Weapons | 6 7 8 |  8.1
Fighting       | |  1.5
Dodging        | |  2.4
Stealth        | |  1.2

Action                     |  1- 3 |  4- 6 || total
---------------------------+-------+-------++-------
   Fire: Shortbow          |    99 |    39 ||   138
    Use: Scroll            |     4 |     5 ||     9
 Armour: Ring mail         |    15 |    12 ||    27
  Dodge: Dodged            |    43 |     7 ||    50

Table legend:
 A = Non-vault XP
 B = Vault XP
 C = Vault XP percentage of total XP
 D = Non-vault monster count
 E = Vault monster count
 F = Vault count percentage of total count
                 A         B        C        D         E       F
            +---------+---------+-------+---------+---------+-------
      Total |     102 |      63 |  38.2 |      34 |       9 |  20.9
            +---------+---------+-------+---------+---------+-------
        D:1 |      19 |       4 |  17.4 |      12 |       3 |  20.0
        D:2 |      75 |      59 |  44.0 |      19 |       6 |  24.0
        D:3 |       8 |       0 |   0.0 |       3 |       0 |   0.0
            +---------+---------+-------+---------+---------+-------
